Map: 2000 Atmospheres LE

Players

SKillous

  • Race: Protoss Protoss

Krystianer - Winner!

  • Race: Protoss Protoss

Event: DreamHack SC2 Masters 2021 Winter

VOD

Have the link to the VOD?

Description

Time

  • Played on: Oct. 7, 2021, 11:26 a.m.
  • Length: 9:17

All games in this series

Show
View Real Time Build Order
Export as new Build Order

SKillous Protoss 

Build Orders:  

Get SALT Encoding   

  12  0:00  Probe  
  13  0:12  Probe  
  14  0:20  Pylon  
  14  0:24  Probe  
  15  0:38  Probe (Chrono Boost)  
  15  0:39  Gateway  
  16  0:47  Assimilator, Probe (Chrono Boost)  
  17  0:52  Probe (Chrono Boost)  
  17  0:54  Assimilator  
  19  1:04  Probe (Chrono Boost)  
  19  1:08  Gateway  
  19  1:13  Probe (Chrono Boost)  
  20  1:18  Probe  
  20  1:24  Pylon  
  21  1:30  Cybernetics Core  
  21  1:33  Probe  
  22  1:45  Probe  
  24  2:06  Robotics Facility  
  24  2:07  Stalker x2  
  27  2:11  Warp Gate  
  27  2:15  Pylon  
  26  2:37  Stalker x2  
  30  2:50  Immortal (Chrono Boost)  
  30  2:58  Pylon  
  34  3:08  Sentry  
  36  3:19  Warp Prism (Chrono Boost)  
  36  3:45  Shield Battery  
  36  3:48  Immortal  
  40  3:56  Pylon  
  40  4:08  Pylon  
  40  4:22  Pylon  
  40  4:29  Pylon  
  40  4:32  Shield Battery  
  40  4:40  Sentry, Immortal  
  46  4:47  Pylon  
  46  4:51  Stalker  
  48  4:57  Twilight Council  
  48  5:13  Adept  
  50  5:15  Adept  
  50  5:19  Pylon  
  50  5:20  Observer  
  53  5:40  Stalker x2  
  55  5:44  Blink (Chrono Boost)  
  53  6:02  Observer  
  53  6:05  Observer, Stalker  
  53  6:08  Stalker  
  57  6:21  Pylon  
  57  6:31  Observer  
  57  6:43  Pylon  
  57  6:44  Pylon  
  57  6:50  Observer  
  57  7:01  Observer  
  57  7:03  Stalker x2  
  61  7:11  Nexus  
  61  7:12  Pylon  
  61  7:28  Stalker  
  63  7:53  Probe  
  54  7:58  Gateway  
  54  7:59  Pylon  
  54  8:00  Observer  
  42  8:15  Probe  
  42  8:19  Stalker  
  43  8:23  Probe  
  43  8:24  Shield Battery  
  44  8:27  Shield Battery, Probe  
  45  8:39  Stalker  
  36  8:49  Stalker  
  37  8:59  Stalker  
  37  9:09  Stalker  
Show
View Real Time Build Order
Export as new Build Order

Krystianer Protoss - Winner!

Build Orders: Blink Stalkers 

Get SALT Encoding   

  12  0:00  Probe  
  13  0:12  Probe  
  14  0:17  Pylon  
  14  0:24  Probe (Chrono Boost)  
  15  0:36  Probe (Chrono Boost), Gateway  
  16  0:44  Probe (Chrono Boost)  
  16  0:46  Assimilator  
  17  0:50  Probe  
  18  0:57  Assimilator  
  18  1:03  Probe (Chrono Boost)  
  19  1:08  Gateway  
  19  1:13  Probe (Chrono Boost)  
  19  1:18  Probe  
  20  1:24  Cybernetics Core  
  21  1:30  Probe  
  22  1:38  Pylon  
  22  1:42  Probe  
  23  1:56  Probe  
  23  2:00  Stalker  
  23  2:01  Sentry  
  28  2:07  Warp Gate  
  28  2:08  Probe  
  29  2:14  Pylon  
  29  2:20  Probe  
  30  2:32  Stalker x2  
  34  2:48  Twilight Council  
  34  2:58  Shield Battery  
  34  3:02  Stalker x2  
  38  3:09  Pylon  
  38  3:18  Pylon  
  38  3:28  Gateway, Blink (Chrono Boost)  
  38  3:45  Gateway  
  38  3:55  Stalker x2  
  42  4:10  Gateway  
  42  4:11  Shield Battery  
  42  4:18  Stalker  
  44  4:26  Stalker  
  46  4:35  Pylon  
  46  4:37  Robotics Facility  
  46  4:56  Stalker x3  
  52  5:07  Stalker  
  52  5:10  Pylon  
  53  5:29  Stalker x2  
  52  5:38  Probe (Chrono Boost)  
  51  5:50  Probe (Chrono Boost)  
  51  5:51  Observer  
  51  5:53  Stalker  
  51  5:56  Probe (Chrono Boost)  
  55  5:59  Stalker  
  57  6:04  Probe  
  57  6:11  Pylon  
  58  6:30  Stalker  
  60  6:42  Stalker x2  
  64  6:57  Stalker  
  64  6:59  Pylon  
  66  7:05  Stalker  
  66  7:06  Stalker  
  66  7:40  Stalker x3  
  57  8:06  Nexus  
  53  8:14  Sentry  
  53  8:15  Sentry, Stalker  
  57  8:24  Pylon  
  53  8:50  Stalker x3  
  53  8:54  Probe  

Tags
 
Add a new tag
Caveats
  • Supply blocks, unpowered buildings, or Contaminate may cause inaccurate times.
  • Supply counts are checked every 10 seconds.